[ AOE2 MATCH · #508010137 ]
UnrankedMongols vs Chinese
Player's team · WIN
Rival team · LOSS
[ REPLAY ANALYSIS · EXTRACTED FROM THE RECORDED GAME ]
Feudal
8:05
Castle
22:10
Imperial
37:32
| APM avg | 59.1 |
| APM peak | 116 |
| eAPM avg | 29.9 |
| Villagers / military | 145 / 279 |
Focus
⚔️ 42.6% · 🌾 57.4%
Scout Cavalry ×179 · Mangudai ×61 · Mangonel ×13 · Trebuchet (Packed) ×9 · Petard ×5 · Monk ×4
Feudal
8:57
Castle
20:18
Imperial
37:24
| APM avg | 65.5 |
| APM peak | 154 |
| eAPM avg | 24.8 |
| Villagers / military | 144 / 227 |
Focus
⚔️ 29.5% · 🌾 70.5%
Fire Lancer ×97 · Skirmisher ×85 · Archer ×22 · Trebuchet (Packed) ×10 · Scout Cavalry ×6 · Iron Pagoda ×4
Match map
Initial resources + every placement click. Lines = walls · curves = elevation contours. ◆ gold · ⬟ stone · ● berries · ✦ relic · ◌ wall gap
Your base· Open — unwalled flank
Lil'Jack's base· Open — 4t gap
Smoothed initial terrain · ◌ = detected wall gap · hover for details
Inputs per minute
— HellionBlue - - Lil'Jack
Build order — HellionBlue
First 150 of 450 actions detected
| 0:01 | Queue | Villager (Male) |
| 0:02 | Build | House |
| 0:02 | Queue | Villager (Male) |
| 0:04 | Build | House |
| 0:05 | Queue | Villager (Male) |
| 0:05 | Queue | Villager (Male) |
| 1:36 | Queue | Villager (Male) |
| 1:36 | Queue | Villager (Male) |
| 2:10 | Queue | Villager (Male) |
| 2:13 | Queue | Villager (Male) |
| 2:14 | Queue | Villager (Male) |
| 2:39 | Build | Lumber Camp |
| 2:53 | Queue | Villager (Male) |
| 2:53 | Queue | Villager (Male) |
| 2:54 | Queue | Villager (Male) |
| 2:54 | Queue | Villager (Male) |
| 3:03 | Build | House |
| 3:06 | Queue | Villager (Male) |
| 3:07 | Queue | Villager (Male) |
| 3:36 | Queue | Villager (Male) |
| 3:36 | Queue | Villager (Male) |
| 3:37 | Queue | Villager (Male) |
| 3:38 | Queue | Villager (Male) |
| 3:38 | Queue | Villager (Male) |
| 4:44 | Queue | Villager (Male) |
| 5:00 | Build | Mill |
| 5:52 | Research | Feudal Age |
| 5:52 | Research | Feudal Age |
| 6:54 | Build | Barracks |
| 7:15 | Build | House |
| 8:05 | Age | Feudal Age |
| 8:16 | Build | Stable |
| 8:21 | Build | House |
| 8:27 | Research | Double-Bit Axe |
| 8:27 | Research | Double-Bit Axe |
| 8:28 | Queue | Villager (Male) |
| 8:28 | Queue | Villager (Male) |
| 8:31 | Research | Loom |
| 8:31 | Queue | Villager (Male) |
| 8:39 | Queue | Villager (Male) |
| 8:58 | Queue | Scout Cavalry |
| 8:59 | Queue | Scout Cavalry |
| 9:34 | Build | House |
| 9:35 | Queue | Villager (Male) |
| 10:09 | Queue | Villager (Male) |
| 10:11 | Build | Farm |
| 10:12 | Build | Farm |
| 10:12 | Build | Farm |
| 10:17 | Build | Farm |
| 10:18 | Queue | Villager (Male) |
| 10:32 | Build | Archery Range |
| 10:50 | Build | House |
| 10:59 | Build | Palisade Wall |
| 11:00 | Build | Palisade Wall |
| 11:00 | Build | Palisade Wall |
| 11:01 | Build | Palisade Wall |
| 11:05 | Queue | Villager (Male) |
| 11:05 | Queue | Villager (Male) |
| 11:16 | Build | House |
| 11:29 | Build | Palisade Gate |
| 11:30 | Build | Palisade Wall |
| 11:34 | Queue | Archer |
| 11:34 | Queue | Skirmisher |
| 11:42 | Queue | Villager (Male) |
| 11:45 | Build | House |
| 11:51 | Queue | Villager (Male) |
| 11:58 | Queue | Scout Cavalry |
| 12:03 | Queue | Villager (Male) |
| 12:03 | Research | Wheelbarrow |
| 12:19 | Build | Lumber Camp |
| 12:35 | Build | Palisade Wall |
| 12:36 | Build | Palisade Wall |
| 12:40 | Build | Palisade Wall |
| 12:42 | Build | Palisade Wall |
| 12:42 | Build | Palisade Wall |
| 12:48 | Queue | Villager (Male) |
| 12:55 | Build | Farm |
| 12:55 | Build | Farm |
| 12:56 | Build | Farm |
| 12:56 | Build | Farm |
| 13:04 | Queue | Scout Cavalry |
| 13:04 | Queue | Scout Cavalry |
| 13:24 | Build | House |
| 13:48 | Queue | Villager (Male) |
| 13:52 | Queue | Spearman |
| 14:14 | Queue | Villager (Male) |
| 14:16 | Build | Farm |
| 14:17 | Build | Farm |
| 14:17 | Build | Farm |
| 14:17 | Build | Farm |
| 14:17 | Build | Farm |
| 14:18 | Build | Farm |
| 14:18 | Build | Farm |
| 14:18 | Build | Farm |
| 14:20 | Queue | Villager (Male) |
| 14:40 | Build | Farm |
| 14:40 | Queue | Villager (Male) |
| 14:56 | Queue | Villager (Male) |
| 15:04 | Queue | Spearman |
| 15:22 | Build | Lumber Camp |
| 15:34 | Queue | Villager (Male) |
| 15:43 | Queue | Skirmisher |
| 16:05 | Queue | Villager (Male) |
| 16:12 | Queue | Villager (Male) |
| 16:26 | Queue | Villager (Male) |
| 16:28 | Build | Blacksmith |
| 16:40 | Queue | Villager (Male) |
| 16:50 | Build | Mining Camp |
| 16:58 | Build | Blacksmith |
| 17:01 | Build | Palisade Wall |
| 17:02 | Build | Palisade Wall |
| 17:42 | Queue | Villager (Male) |
| 17:43 | Queue | Villager (Male) |
| 17:46 | Build | Farm |
| 17:46 | Build | Farm |
| 17:47 | Build | Farm |
| 17:47 | Build | Farm |
| 17:47 | Build | Farm |
| 17:47 | Build | Farm |
| 18:07 | Queue | Villager (Male) |
| 18:16 | Build | House |
| 18:19 | Research | Horse Collar |
| 18:19 | Research | Horse Collar |
| 18:44 | Build | House |
| 19:04 | Queue | Scout Cavalry |
| 19:11 | Build | Market |
| 19:17 | Build | House |
| 19:28 | Research | Castle Age |
| 19:29 | Research | Castle Age |
| 19:32 | Build | Farm |
| 19:32 | Build | Farm |
| 19:41 | Queue | Scout Cavalry |
| 20:08 | Build | Palisade Wall |
| 20:17 | Build | Farm |
| 20:19 | Build | Farm |
| 20:19 | Build | Farm |
| 20:22 | Queue | Scout Cavalry |
| 20:46 | Research | Bloodlines |
| 20:53 | Research | Scale Barding Armor |
| 20:59 | Queue | Scout Cavalry |
| 21:08 | Build | Stable |
| 21:32 | Queue | Villager (Male) |
| 22:10 | Age | Castle Age |
| 22:12 | Research | Light Cavalry (upgrade) |
| 22:28 | Build | Siege Workshop |
| 22:40 | Build | Town Center |
| 22:49 | Build | Palisade Wall |
| 22:57 | Queue | Scout Cavalry |
| 22:58 | Research | Husbandry |
| 23:05 | Queue | Scout Cavalry |
Build order — Lil'Jack
First 150 of 373 actions detected
| 0:05 | Research | Loom |
| 0:48 | Queue | Villager (Male) |
| 0:49 | Queue | Villager (Male) |
| 1:13 | Queue | Villager (Male) |
| 1:40 | Queue | Villager (Male) |
| 1:40 | Queue | Villager (Male) |
| 2:07 | Queue | Villager (Male) |
| 2:07 | Queue | Villager (Male) |
| 2:20 | Build | Lumber Camp |
| 2:26 | Queue | Villager (Male) |
| 2:27 | Queue | Villager (Male) |
| 2:37 | Queue | Villager (Male) |
| 3:22 | Queue | Villager (Male) |
| 3:25 | Build | House |
| 3:26 | Build | House |
| 3:33 | Queue | Villager (Male) |
| 3:44 | Queue | Villager (Male) |
| 3:45 | Queue | Villager (Male) |
| 4:03 | Queue | Villager (Male) |
| 4:16 | Queue | Villager (Male) |
| 4:16 | Queue | Villager (Male) |
| 4:42 | Build | Mill |
| 5:20 | Queue | Villager (Male) |
| 5:43 | Queue | Villager (Male) |
| 6:18 | Queue | Villager (Male) |
| 6:47 | Research | Feudal Age |
| 6:47 | Research | Feudal Age |
| 7:26 | Build | Barracks |
| 8:29 | Build | House |
| 8:49 | Queue | Villager (Male) |
| 8:57 | Age | Feudal Age |
| 8:58 | Research | Double-Bit Axe |
| 9:10 | Queue | Spearman |
| 9:11 | Build | House |
| 9:13 | Build | Stable |
| 9:20 | Queue | Villager (Male) |
| 9:34 | Queue | Villager (Male) |
| 9:40 | Build | House |
| 9:45 | Build | Palisade Wall |
| 9:46 | Build | Palisade Wall |
| 9:53 | Build | Farm |
| 10:03 | Queue | Scout Cavalry |
| 10:04 | Queue | Scout Cavalry |
| 10:14 | Queue | Villager (Male) |
| 10:27 | Build | House |
| 10:29 | Build | House |
| 10:31 | Queue | Villager (Male) |
| 10:34 | Build | Farm |
| 10:40 | Queue | Spearman |
| 10:49 | Queue | Scout Cavalry |
| 10:59 | Queue | Villager (Male) |
| 11:03 | Queue | Villager (Male) |
| 11:10 | Queue | Villager (Male) |
| 11:16 | Build | Farm |
| 11:37 | Queue | Villager (Male) |
| 11:58 | Queue | Scout Cavalry |
| 12:06 | Build | Farm |
| 12:06 | Build | Farm |
| 12:07 | Build | Farm |
| 12:07 | Build | Farm |
| 12:07 | Build | Farm |
| 12:14 | Queue | Scout Cavalry |
| 12:20 | Queue | Villager (Male) |
| 12:32 | Queue | Scout Cavalry |
| 12:36 | Queue | Villager (Male) |
| 13:02 | Queue | Villager (Male) |
| 13:07 | Build | Farm |
| 13:07 | Build | Farm |
| 13:07 | Build | Farm |
| 13:07 | Build | Farm |
| 13:08 | Build | Farm |
| 13:46 | Queue | Villager (Male) |
| 13:48 | Build | Archery Range |
| 13:56 | Queue | Villager (Male) |
| 14:17 | Queue | Villager (Male) |
| 14:44 | Build | Mining Camp |
| 14:52 | Build | Farm |
| 14:53 | Build | Farm |
| 14:54 | Queue | Skirmisher |
| 14:55 | Queue | Skirmisher |
| 15:11 | Queue | Villager (Male) |
| 15:16 | Build | Blacksmith |
| 15:39 | Queue | Skirmisher |
| 15:41 | Queue | Villager (Male) |
| 15:51 | Queue | Villager (Male) |
| 16:29 | Queue | Villager (Male) |
| 16:58 | Queue | Villager (Male) |
| 17:01 | Build | Farm |
| 17:38 | Research | Castle Age |
| 17:39 | Research | Castle Age |
| 18:10 | Build | House |
| 18:11 | Build | House |
| 18:13 | Build | House |
| 18:18 | Build | House |
| 18:19 | Build | House |
| 18:29 | Build | House |
| 18:43 | Queue | Spearman |
| 18:56 | Build | Archery Range |
| 19:11 | Queue | Skirmisher |
| 19:19 | Queue | Villager (Male) |
| 19:24 | Research | Fletching |
| 19:27 | Research | Padded Archer Armor |
| 19:30 | Research | Gold Mining |
| 19:43 | Queue | Archer |
| 19:43 | Queue | Archer |
| 19:49 | Build | Palisade Wall |
| 20:03 | Queue | Archer |
| 20:03 | Queue | Archer |
| 20:06 | Build | Archery Range |
| 20:08 | Build | Farm |
| 20:18 | Age | Castle Age |
| 20:21 | Research | Crossbowman (upgrade) |
| 20:28 | Queue | Archer |
| 20:28 | Queue | Archer |
| 20:35 | Build | Town Center |
| 20:41 | Queue | Villager (Male) |
| 20:47 | Research | Bow Saw |
| 20:48 | Research | Bow Saw |
| 21:05 | Queue | Archer |
| 21:05 | Queue | Archer |
| 21:05 | Queue | Archer |
| 21:05 | Queue | Archer |
| 21:26 | Research | Bodkin Arrow |
| 21:26 | Research | Bodkin Arrow |
| 21:36 | Build | House |
| 21:42 | Build | Lumber Camp |
| 21:49 | Queue | Skirmisher |
| 21:53 | Queue | Archer |
| 21:53 | Queue | Archer |
| 21:53 | Queue | Archer |
| 22:01 | Queue | Villager (Male) |
| 22:01 | Queue | Villager (Male) |
| 22:04 | Queue | Archer |
| 22:04 | Queue | Archer |
| 22:26 | Queue | Archer ×2 |
| 22:27 | Queue | Archer |
| 22:30 | Queue | Villager (Male) |
| 22:30 | Queue | Villager (Male) |
| 22:31 | Queue | Villager (Male) |
| 22:32 | Queue | Villager (Male) |
| 22:53 | Queue | Villager (Male) |
| 23:01 | Queue | Villager (Male) |
| 23:05 | Queue | Villager (Male) |
| 23:18 | Queue | Archer |
| 23:18 | Queue | Archer |
| 23:32 | Queue | Villager (Male) |
| 23:51 | Build | Siege Workshop |
| 24:06 | Queue | Villager (Male) |
| 24:07 | Queue | Villager (Male) |
| 24:12 | Build | Farm |
Match timeline
| 6:54 | HellionBlue · first_building Barracks |
| 7:26 | Lil'Jack · first_building Barracks |
| 8:05 | HellionBlue · age_up feudal |
| 8:16 | HellionBlue · first_building Stable |
| 8:57 | Lil'Jack · age_up feudal |
| 9:13 | Lil'Jack · first_building Stable |
| 9:45 | Lil'Jack · wall_segment Palisade Wall x5 |
| 9:46 | Lil'Jack · wall_segment Palisade Wall x1 |
| 10:32 | HellionBlue · first_building Archery Range |
| 10:59 | HellionBlue · wall_segment Palisade Wall x1 |
| 11:00 | HellionBlue · wall_segment Palisade Wall x1 |
| 11:00 | HellionBlue · wall_segment Palisade Wall x1 |
| 11:01 | HellionBlue · wall_segment Palisade Wall x1 |
| 11:30 | HellionBlue · wall_segment Palisade Wall x6 |
| 12:35 | HellionBlue · wall_segment Palisade Wall x1 |
| 12:36 | HellionBlue · wall_segment Palisade Wall x6 |
| 12:40 | HellionBlue · wall_segment Palisade Wall x1 |
| 12:42 | HellionBlue · wall_segment Palisade Wall x6 |
| 12:42 | HellionBlue · wall_segment Palisade Wall x1 |
| 13:48 | Lil'Jack · first_building Archery Range |
| 17:01 | HellionBlue · wall_segment Palisade Wall x3 |
| 17:02 | HellionBlue · wall_segment Palisade Wall x8 |
| 19:49 | Lil'Jack · wall_segment Palisade Wall x1 |
| 20:08 | HellionBlue · wall_segment Palisade Wall x4 |
| 20:18 | Lil'Jack · age_up castle |
| 22:10 | HellionBlue · age_up castle |
| 22:28 | HellionBlue · first_building Siege Workshop |
| 22:49 | HellionBlue · wall_segment Palisade Wall x6 |
| 23:51 | Lil'Jack · first_building Siege Workshop |
| 25:04 | HellionBlue · first_building Monastery |
| 26:04 | HellionBlue · wall_segment Palisade Wall x1 |
| 26:05 | HellionBlue · wall_segment Palisade Wall x12 |
| 30:31 | HellionBlue · wall_segment Palisade Wall x1 |
| 30:32 | HellionBlue · wall_segment Palisade Wall x1 |
| 30:34 | HellionBlue · wall_segment Palisade Wall x3 |
| 32:09 | HellionBlue · wall_segment Stone Wall x19 |
| 32:18 | Lil'Jack · first_building Castle |
| 34:29 | HellionBlue · first_building Castle |
| 34:31 | HellionBlue · wall_segment Palisade Wall x1 |
| 34:34 | HellionBlue · wall_segment Palisade Wall x1 |
| 35:20 | HellionBlue · first_market_sell 100 food |
| 36:13 | HellionBlue · first_market_buy 100 wood |
| 37:24 | Lil'Jack · age_up imperial |
| 37:32 | HellionBlue · age_up imperial |
| 46:44 | Lil'Jack · first_market_sell 100 food |
| 50:01 | Lil'Jack · resign |
[ AI ANALYSIS · 1 CREDIT ]
What really happened in this match?
Wolo.gg analyzes every decision: build order, eco, micro, common mistakes by bracket. Personalized analysis on WhatsApp or Discord in 30 seconds.
Civ guide
Mongols
Perfil
HellionBlue